 Dungeon Crawl Stone Soup version 0.28.0-53-g5a82cb258f (webtiles) character file.

Game seed: 14055456818977512881

567 quokkamancerX the Conjurer (level 7, -12/36 HPs)
             Began as a Deep Elf Conjurer on June 8, 2022.
             Was a Priest of Cheibriados.
             Mangled by a two-headed ogre
             ... wielding a +0 giant club
              (15 damage)
             ... on level 5 of the Dungeon.
             The game lasted 00:13:56 (4173 turns).

quokkamancerX the Conjurer (Deep Elf Conjurer)      Turns: 4173, Time: 00:13:57

Health: -12/36     AC:  5    Str: 10    XL:     7   Next: 11%
Magic:  14/18      EV: 12    Int: 31    God:    Cheibriados [***...]
Gold:   193        SH:  0    Dex: 19    Spells: 15/18 levels left

rFire   . . .      SeeInvis .   u - +3 dagger (drain)
rCold   . . .      Faith    .   (no shield)
rNeg    . . .      Spirit   .   d - +0 leather armour
rPois   .          Reflect  .   j - +0 helmet
rElec   .          Harm     .   m - +0 cloak
rCorr   .          Rampage  .   (no gloves)
Will    .....                   (no boots)
Stlth   +++.......              l - amulet of magic regeneration
HPRegen 0.12/turn               b - ring of flight
MPRegen 0.56/turn               (no ring)

@: flying, very slow
A: no striking features
a: Renounce Religion, Bend Time, Temporal Distortion


You were on level 5 of the Dungeon.
You worshipped Cheibriados.
Cheibriados was most pleased with you.
You visited 1 branch of the dungeon, and saw 5 of its levels.

You collected 193 gold pieces.

Inventory:

Hand Weapons
 u - a +3 dagger of draining (weapon)
Armour
 d - a +0 leather armour (worn)
 j - a +0 helmet (worn)
 m - a +0 cloak (worn)
Jewellery
 b - a ring of flight (left hand)
 l - an amulet of magic regeneration (around neck)
Wands
 g - a wand of charming (10)
 o - a wand of paralysis (14)
Scrolls
 c - a scroll of fog
 e - a scroll of amnesia
 i - 3 scrolls of identify
 s - a scroll of magic mapping {unknown}
 t - a scroll of vulnerability {unknown}
Potions
 a - a potion of resistance {unknown}
 f - a potion of attraction {unknown}
 h - 2 potions of curing {unknown}
 k - a potion of lignification {unknown}
 n - a potion of haste {unknown}
 p - 2 potions of ambrosia {unknown}
 q - a potion of heal wounds {unknown}
 r - a potion of magic {unknown}


   Skills:
 - Level 2.4 Dodging
 - Level 5.0 Stealth
 - Level 6.0 Spellcasting
 + Level 6.8 Conjurations
 + Level 2.8 Evocations


You had 15 spell levels left.
You knew the following spells:

 Your Spells              Type           Power      Damage    Failure   Level
a - Magic Dart            Conj           100%       1d8       1%          1
b - Searing Ray           Conj           100%       2d8       1%          2

Your spell library contained the following spells:

 Spells                   Type           Power      Damage    Failure   Level
 Dazzling Flash           Conj/Hex       60%        N/A       4%          3
 Fulminant Prism          Conj/Hex       15%        3d11      16%         4
 Iskenderun's Mystic Bla  Conj/Tloc      30%        2d8       16%         4


Dungeon Overview and Level Annotations

Branches:
Dungeon (5/15)
 Temple: D:4-7

Altars:
Cheibriados
Ru
Trog
Zin

Annotations:
D:2 1 runed translucent door, Crazy Yiuf
D:4 4 transporters, issech's ghost, amateur MiMo


Message History

Casting: Magic Dart (safe; 1% risk of failure)
Confirm with . or Enter, or press ? or * to list all spells.
Aiming: Searing Ray (safe; 1% risk of failure)
Press: ? - help, Shift-Dir - straight line, f/p - hound
Aim: a hound (heavily wounded, 76% to hit)
The searing ray hits the hound!
You kill the hound!
Cheibriados appreciates the change of pace. (Press . to maintain the ray.) Magic restored.
Found a stone staircase leading up.
Found 18 stones.
i - 3 scrolls of identify;
o - a wand of paralysis (14)
A two-headed ogre comes into view.
It is wielding a +0 giant club and a +0 giant spiked club.
The magic dart hits the two-headed ogre!
The two-headed ogre is lightly wounded.
The two-headed ogre shouts in stereo!
The magic dart hits the two-headed ogre.
The two-headed ogre is moderately wounded.
Casting: Magic Dart (safe; 1% risk of failure)
Confirm with . or Enter, or press ? or * to list all spells.
Aiming: Searing Ray (safe; 1% risk of failure)
Press: ? - help, Shift-Dir - straight line, f/p - two-headed ogre
Aim: a two-headed ogre, wielding a +0 giant club and a +0 giant spiked club (moderately wounded, 92% to hit)
The searing ray hits the two-headed ogre.
The two-headed ogre is moderately wounded. (Press . to maintain the ray.)
The searing ray hits the two-headed ogre.
The two-headed ogre is heavily wounded.
The searing ray hits the two-headed ogre.
The two-headed ogre is heavily wounded.
The two-headed ogre hits you with a +0 giant club!!
Ouch! That really hurt!
The two-headed ogre hits you with a +0 giant spiked club!
* * * LOW HITPOINT WARNING * * *
The searing ray hits the two-headed ogre.
The two-headed ogre is severely wounded.
You finish channelling your searing ray.
The two-headed ogre hits you with a +0 giant club!
You die...

#.# #.# #.# # #.#
.# #$##'####
#........
#........
#O.......
#@##+#... #.# #.#
.# #.# #.# .#
#.##+#.# .. #.
#.....<# '##...
#......# #.>..
#......+ ...
##......###.###
.(............+.#


You could see a two-headed ogre.

Vanquished Creatures
  An ice beast (D:5)
  An ogre (D:4)
  A bullfrog (D:5)
  A hound (D:5)
  A centaur skeleton (D:4)
  2 orc wizards (D:5)
  2 iguanas (D:4)
  5 adders
  An ufetubus (D:4)
  2 worms
  6 dart slugs
  13 orcs
  10 bats
  8 endoplasms
  6 giant cockroaches
  2 goblins
  8 hobgoblins
  4 jackals (D:2)
  6 kobolds
  2 quokkas
  10 ball pythons
  3 frilled lizards
  A jackal skeleton (D:4)
  3 rats
99 creatures vanquished.

Notes
Turn   | Place    | Note
-------+----------+-------------------------------------------
     0 | D:1      | quokkamancerX the Deep Elf Conjurer began the quest for the
                  | Orb.
     0 | D:1      | Reached XP level 1. HP: 10/10 MP: 6/6
   129 | D:1      | Found a snail-covered altar of Cheibriados.
   219 | D:1      | Reached XP level 2. HP: 15/15 MP: 0/8
   684 | D:1      | Found a faded altar of an unknown god.
   854 | D:1      | Reached XP level 3. HP: 19/19 MP: 7/10
  1045 | D:1      | Became a worshipper of Cheibriados the Contemplative
  1085 | D:1      | Learned a level 2 spell: Searing Ray
  1670 | D:2      | Reached XP level 4. HP: 24/24 MP: 4/12
  2019 | D:2      | Found a runed translucent door.
  2020 | D:2      | Noticed Crazy Yiuf
  2124 | D:3      | Reached * piety under Cheibriados
  2318 | D:3      | Reached skill level 5 in Spellcasting
  2920 | D:3      | Reached ** piety under Cheibriados
  2921 | D:3      | Reached skill level 5 in Stealth
  3297 | D:4      | Reached XP level 5. HP: 28/28 MP: 13/15
  3382 | D:4      | Noticed an ogre
  3389 | D:4      | Killed an ogre
  3390 | D:4      | Reached skill level 5 in Conjurations
  3417 | D:4      | Reached XP level 6. HP: 32/32 MP: 14/17
  3419 | D:4      | Found a transporter.
  3544 | D:4      | Found a transporter.
  3546 | D:4      | Noticed issech's ghost (amateur MiMo)
  3547 | D:4      | Found a transporter.
  3605 | D:4      | Found a bloodstained altar of Trog.
  3647 | D:4      | Found a transporter.
  3742 | D:4      | Found a sacrificial altar of Ru.
  3743 | D:4      | Found a glowing silver altar of Zin.
  3844 | D:5      | Entered Level 5 of the Dungeon
  3903 | D:5      | Reached skill level 1 in Evocations
  3924 | D:5      | Noticed an ice beast
  3931 | D:5      | Killed an ice beast
  4101 | D:5      | Reached *** piety under Cheibriados
  4102 | D:5      | Reached XP level 7. HP: 34/36 MP: 13/18
  4166 | D:5      | Noticed a two-headed ogre
  4173 | D:5      | Mangled by a two-headed ogre

Illustrated notes

Levels and vault maps discovered:
D:1:      lightli_arrival_quake, layout_basic,
          hellmonk_ecumenical_altar_pennies_from_heaven, minmay_hexomino_r4
D:2:      layout_loops_ring, uniq_crazy_yiuf_cottage
D:3:      minmay_inner_zag, layout_basic
D:4:      gammafunk_steamed_eel, layout_cave_pools, lemuel_crystal_altar,
          gammafunk_temple_overflow_pools, gammafunk_ghost_arena
D:5:      nicolae_cairo_tiling_large, layout_basic

Skill      XL: |  1  2  3  4  5  6 |
---------------+-------------------+-----
Stealth        | 3 4 5 |  5.0
Spellcasting   | 4 5 6 |  6.0
Conjurations   | 5 6 |  6.8
Evocations     | 2 |  2.8
Dodging        | |  2.4

Action                   |  1- 3 |  4- 6 |  7- 9 || total
-------------------------+-------+-------+-------++-------
Melee: Dagger            |       |     3 |     1 ||     4
 Cast: Magic Dart        |    66 |    83 |     4 ||   153
       Searing Ray       |     4 |    17 |     3 ||    24
  Use: Scroll            |       |     3 |       ||     3
 Stab: Sleeping          |       |     2 |       ||     2
Armor: Robe              |       |     2 |       ||     2
       Leather armour    |       |     2 |     1 ||     3
Dodge: Dodged            |     2 |    17 |     1 ||    20
